cohdb
Replays
Latest Replays
All Replays
Popular Replays
Top Player Replays
Match Explorer
How It Works
Community
CoH3 Stats
Reddit
Sign in to upload your games and track your stats! →
Sign in with Steam
Match 19631679
Unlisted
Match 19631679
Overview
Messages
Build Orders
End
Engineer Squad
Construct Barracks
Selects Armored Battlegroup
Selects Assault Engineers
Riflemen Squad
M1 Mortar Team
Riflemen Squad
Air Support Center
Construct Weapon Support Center
M3 Armored Personnel Carrier
Construct Medical Station
Assault Engineer Squad
Selects Strength in Steel
Bazooka Squad
Riflemen Squad
Selects Seek and Destroy
Selects UNKNOWN (2160077)
M1918 Browning Automatic Rifles
P-47 Strafing Run
Construct Tank Depot
Grenade Package
M1919 Machine Gun Team
M18 Hellcat Tank Destroyer
P-47 Strafing Run
Riflemen Squad
M18 Hellcat Tank Destroyer
Monseigneur
kerem
smurfsssss
peace
SimYo0
どどどどどーすんの?
0
0
Comments
sign in to comment!
No comments posted yet!